 Dungeon Crawl Stone Soup version 0.27.1-16-g815e20cd7a (webtiles) character file.

Game seed: 16976366484966052799

8894 zeram the Impaler (level 11, -10/75 HPs)
             Began as a Merfolk Fighter on Nov 23, 2021.
             Mangled by a death knight (37 damage)
             ... on level 10 of the Dungeon.
             The game lasted 00:18:30 (9982 turns).

zeram the Impaler (Merfolk Fighter)                 Turns: 9982, Time: 00:18:30

Health: -10/75     AC:  8    Str: 20    XL:     11   Next: 38%
Magic:  11/11      EV: 13    Int:  7    God:
Gold:   461        SH:  9    Dex: 14    Spells: 10/10 levels left

rFire    . . .     SeeInvis .   a - +3 trident (vorpal)
rCold    . . .     Faith    .   i - +3 buckler
rNeg     . . .     Spirit   .   b - +0 scale mail
rPois    +         Reflect  .   (no helmet)
rElec    .         Harm     .   D - +1 cloak
rCorr    .         Rampage  .   (no gloves)
Will     .....                  (no boots)
Stlth    ..........             t - amulet of regeneration
HPRegen  1.22/turn              h - ring of poison resistance
MPRegen  0.12/turn              j - +4 ring of slaying

@: no status effects
A: (nimble swimmer 2), mertail
a: no special abilities


You were on level 10 of the Dungeon.
You visited 2 branches of the dungeon, and saw 11 of its levels.
You also visited: Ossuary.

You collected 461 gold pieces.

Inventory:

Hand Weapons
 a - a +3 vorpal trident (weapon)
 p - a +2 war axe of flaming
Missiles
 F - a throwing net (quivered)
Armour
 b - a +0 scale mail (worn)
 c - a +1 kite shield
 i - a +3 buckler (worn)
 x - a +0 plate armour
 D - a +1 cloak (worn)
Jewellery
 e - a +6 ring of dexterity
 h - a ring of poison resistance (left hand)
 j - a +4 ring of slaying (right hand)
 n - an amulet of guardian spirit
 o - a ring of magical power
 s - a ring of ice
 t - an amulet of regeneration (around neck)
 w - a ring of protection from fire
 J - a +6 ring of intelligence
Wands
 d - a wand of acid (11)
 r - a wand of polymorph (8)
 K - a wand of iceblast (3)
Scrolls
 k - a scroll of identify
 v - a scroll of teleportation
 y - 4 scrolls of amnesia
 z - 2 scrolls of brand weapon
 A - 4 scrolls of enchant armour
 H - a scroll of immolation
 M - 2 scrolls of magic mapping
Potions
 f - a potion of attraction
 g - 3 potions of mutation
 l - a potion of brilliance {unknown}
 m - 5 potions of curing
 q - 2 potions of resistance
 u - a potion of haste
 B - a potion of cancellation {unknown}
 C - a potion of degeneration {unknown}
 E - 3 potions of flight {unknown}
 I - a potion of invisibility {unknown}
 L - a potion of lignification {unknown}


   Skills:
 - Level 3.2 Fighting
 + Level 17.5 Polearms
 - Level 2.1 Armour
 + Level 8.3 Dodging
 + Level 9.8 Shields
 + Level 1.0 Evocations


You had 10 spell levels left.
You didn't know any spells.
Your spell library contained the following spells:

 Spells                   Type           Power      Damage    Failure   Level
 Sandblast                Erth           0%         2d4       80%         1
 Summon Small Mammal      Summ           0%         N/A       80%         1
 Passwall                 Tmut/Erth      0%         N/A       90%         2
 Call Canine Familiar     Summ           0%         N/A       99%         3
 Portal Projectile        Hex/Tloc       0%         N/A       99%         3
 Summon Guardian Golem    Hex/Summ       0%         N/A       99%         3
 Petrify                  Tmut/Erth      0%         N/A       100%        4
 Blade Hands              Tmut           0%         N/A       100%        5
 Excruciating Wounds      Necr           0%         N/A       100%        5
 Lee's Rapid Deconstruct  Erth           0%         3d5*      100%        5
 Metabolic Englaciation   Hex/Ice        0%         N/A       100%        5
 Statue Form              Tmut/Erth      0%         N/A       100%        6


Dungeon Overview and Level Annotations

Branches:
Dungeon (10/15)            Temple (1/1) D:4            Lair (0/6) D:9
Ossuary (visited)
    Orc: D:9-12

Altars:
Ashenzari
Cheibriados
Dithmenos
Elyvilon
Fedhas
Gozag
Hepliaklqana
Kikubaaqudgha
Makhleb
Nemelex Xobeh
Okawaru
Qazlal
Ru
Sif Muna
Trog
Uskayaw
Vehumet
Wu Jian
Xom
Yredelemnul
Zin
The Shining One

Shops:
D:10 :


Innate Abilities, Weirdness & Mutations

((You are quick and stealthy near water. (Stealth+, EV+, Speed+++)))
Your lower body shifts to a powerful aquatic tail in water.


Message History

You hit the yak.
The yak is severely wounded.
You puncture the yak!
You kill the yak!
No target in view!
No target in view!
You climb downwards.
The death knight offers itself to Yredelemnul, and fills with unholy energy.
There is a stone staircase leading up here.
You hit the yak.
The yak is lightly wounded.
You hit the yak.
The yak is lightly wounded.
The yak gores you!
You puncture the yak!
The yak is heavily wounded.
You hit the yak.
The yak is heavily wounded.
The yak barely misses you.
You barely miss the yak.
The yak is heavily wounded.
You puncture the yak!
The yak is almost dead.
You block the yak's attack.
You closely miss the yak.
The yak is almost dead.
The yak gores you!
You hit the yak but do no damage.
The yak is almost dead.
You completely miss the yak.
The yak is almost dead.
You block the yak's attack. You block the death knight's attack.
You hit the yak.
The yak is almost dead.
You hit the yak.
You kill the yak!
The death knight hits you from afar with a +0 glaive!!
The death knight's dark mirror aura disappears.
The death knight hits you from afar with a +0 glaive!!!
You die...

###..##.≈≈≈≈≈§............#
#...###..≈≈≈.......<......
##....#8.....#............
#....########............
#?......##.............
#..>....##............
###...######..........
###....##..###......
.##....p†@.#........
#.....#..†.........##
#.....................
##..#.....†..#..#.....
#.##.....>.##### .. ##
##.......# ..........#
##........## #.....####


You could see a death knight.

Vanquished Creatures
  A hydra (D:9)
  Erica (D:8)
  A skeletal warrior (D:9)
  14 yaks
  A wyvern (D:10)
  A steam dragon (D:8)
  Grum (D:8)
  3 water moccasins (D:9)
  Duvessa (D:5)
  An ice beast (D:7)
  3 black bears
  An orc warrior (D:8)
  A sky beast (D:8)
  An ogre (D:5)
  3 phantoms
  4 centaurs
  4 wolves (D:8)
  Blork the orc (D:6)
  4 bullfrogs
  A gnoll sergeant (D:8)
  A water moccasin zombie (D:5)
  3 scorpions
  Dowan (D:5)
  11 killer bees
  9 wights
  3 howler monkeys (D:9)
  4 centaur zombies
  3 hounds
  2 jellies
  4 orc priests
  A centaur skeleton (D:6)
  3 iguanas (D:6)
  Jessica (D:3)
  A human zombie (Ossuary)
  3 orc wizards
  2 hound zombies (Ossuary)
  4 mummies (Ossuary)
  4 howler monkey zombies
  10 adders
  15 gnolls
  A shadow imp (D:8)
  2 white imps (D:8)
  An adder zombie (D:5)
  2 worms
  3 dart slugs (D:1)
  10 orcs
  4 bats
  10 endoplasms
  4 giant cockroaches
  7 hobgoblins
  11 jackals
  4 quokkas
  8 ball pythons
  5 frilled lizards
  6 goblins
  4 goblin zombies
  3 hobgoblin zombies (Ossuary)
  A jackal zombie (Ossuary)
  4 kobolds
  A kobold zombie (Ossuary)
  A quokka zombie (D:5)
  6 rats
  A rat zombie (Ossuary)
232 creatures vanquished.

Vanquished Creatures (others)
  20 fungi (D:9)
  20 plants (D:9)
40 creatures vanquished.

Grand Total: 272 creatures vanquished

Notes
Turn   | Place    | Note
-------+----------+-------------------------------------------
     0 | D:1      | zeram the Merfolk Fighter began the quest for the Orb.
     0 | D:1      | Reached XP level 1. HP: 18/18 MP: 1/1
   197 | D:1      | Reached XP level 2. HP: 21/24 MP: 2/2
   457 | D:1      | Reached skill level 1 in Dodging
   576 | D:1      | Reached XP level 3. HP: 25/29 MP: 3/3
   692 | D:1      | Found a faded altar of an unknown god.
   754 | D:1      | Reached skill level 4 in Polearms
  1186 | D:2      | Reached XP level 4. HP: 33/35 MP: 4/4
  1206 | D:2      | Reached skill level 5 in Polearms
  2066 | D:2      | Reached XP level 5. HP: 41/41 MP: 5/5
  2366 | D:3      | Noticed a black bear
  2373 | D:3      | Reached skill level 6 in Polearms
  2378 | D:3      | Killed a black bear
  2379 | D:3      | Reached skill level 7 in Polearms
  2379 | D:3      | Reached XP level 6. HP: 28/47 MP: 6/6
  2665 | D:3      | Found a stormy altar of Qazlal.
  2983 | D:4      | Reached skill level 8 in Polearms
  3139 | D:4      | Reached XP level 7. HP: 52/52 MP: 7/7
  3327 | D:4      | Found a staircase to the Ecumenical Temple.
  3516 | D:4      | Found a white marble altar of Elyvilon.
  3571 | D:4      | Found a basalt altar of Yredelemnul.
  3652 | Temple   | Entered the Ecumenical Temple
  4262 | D:3      | Noticed Jessica
  4264 | D:3      | Killed Jessica
  4293 | D:3      | Reached skill level 9 in Polearms
  4860 | D:5      | Entered Level 5 of the Dungeon
  4944 | D:5      | Reached skill level 5 in Shields
  5075 | D:5      | Reached skill level 10 in Polearms
  5080 | D:5      | Noticed Duvessa
  5080 | D:5      | Noticed Dowan
  5089 | D:5      | Killed Duvessa
  5090 | D:5      | Reached XP level 8. HP: 47/58 MP: 8/8
  5096 | D:5      | Killed Dowan
  5380 | D:5      | Reached skill level 11 in Polearms
  5400 | D:5      | Found a sand-covered staircase.
  5408 | Ossuary  | Entered an ossuary
  6535 | D:6      | Reached skill level 12 in Polearms
  6622 | D:6      | Identified the +7 whip of Toxeizad {flame, Will++}
  6693 | D:6      | Reached XP level 9. HP: 64/64 MP: 9/9
  6757 | D:6      | Reached skill level 13 in Polearms
  6883 | D:6      | Found a blossoming altar of Fedhas.
  6887 | D:6      | Found an ancient bone altar of Kikubaaqudgha.
  6891 | D:6      | Noticed Blork the orc
  6897 | D:6      | Killed Blork the orc
  7098 | D:7      | Reached skill level 5 in Dodging
  7114 | D:7      | Found the +8 autumn katana {vorpal, Clar}
  7753 | D:7      | Reached skill level 14 in Polearms
  7976 | D:7      | Found a hide-covered altar of Uskayaw.
  7976 | D:7      | Found a shimmering blue altar of Sif Muna.
  8183 | D:8      | Noticed Grum
  8207 | D:8      | Killed Grum
  8220 | D:8      | Reached XP level 10. HP: 40/70 MP: 10/10
  8477 | D:8      | Reached skill level 15 in Polearms
  8515 | D:8      | Noticed Erica
  8525 | D:8      | Killed Erica
  9113 | D:9      | Found a staircase to the Lair.
  9119 | D:9      | Reached skill level 16 in Polearms
  9258 | D:9      | Reached XP level 11. HP: 48/75 MP: 11/11
  9437 | D:9      | Noticed a five-headed hydra
  9444 | D:9      | Killed a five-headed hydra
  9445 | D:9      | Reached skill level 17 in Polearms
  9700 | D:10     | Entered Level 10 of the Dungeon
  9716 | D:10     | Found Ysaug's Book Emporium.
  9758 | D:10     | Noticed a skeletal warrior
  9759 | D:10     | Noticed a death knight
  9920 | D:9      | Killed a skeletal warrior
  9956 | D:10     | Reached skill level 1 in Evocations
  9982 | D:10     | Mangled by a death knight

Illustrated notes

Levels and vault maps discovered:
D:1:      nicolae_arrival_washed_ashore, layout_loops_ring,
          chequers_ecumenical_altar_grove
D:2:      layout_loops_corners
D:3:      layout_basic, nicolae_qazlal_general_emergency, uniq_jessica
D:4:      layout_loops_ring, kennysheep_ying_yang, lemuel_temple_firewalk_a
D:5:      layout_basic, enter_ossuary_4, uniq_duvessa
D:6:      layout_cave_pools, grunt_temple_overflow_growth_and_decay,
          uniq_blork_the_orc
D:7:      layout_cave_pools, gammafunk_temple_overflow_pools
D:8:      layout_loops_ring, uniq_grum, uniq_erica
D:9:      layout_grid_maze, due_lair_maze_entry_diamond, serial_park_tiny_2
D:10:     layout_cave_pools, orc_0_dummy, serial_shops, nicolae_lakefront_shop
Temple:   regret_index_temple_waves

Skill      XL: |  1  2  3  4  5  6  7  8  9 10 11 |
---------------+----------------------------------+-----
Dodging        | 1 2 3 4 6 7 8 |  8.3
Polearms       | 4 5 7 8 10 12 14 16 17 | 17.5
Shields        | 4 5 6 7 9 |  9.8
Evocations     | 1 |  1.0
Fighting       | |  3.2
Armour         | |  2.1

Action                   |  1- 3 |  4- 6 |  7- 9 | 10-12 || total
-------------------------+-------+-------+-------+-------++-------
Melee: Trident           |    88 |    99 |   324 |   229 ||   740
Evoke: Wand              |       |       |       |     1 ||     1
  Use: Scroll            |     3 |     3 |    12 |     6 ||    24
       Potion            |       |     1 |     6 |     2 ||     9
Armor: Scale mail        |    27 |    21 |    64 |    19 ||   131
Dodge: Dodged            |    23 |    23 |   106 |    58 ||   210
Block: Kite shield       |    34 |    23 |       |       ||    57
       Buckler           |       |    19 |   118 |    61 ||   198
